Map: Dusty Gorge

Players

Dave

  • Race: Protoss Protoss
  • League: Gold
  • Spawn Location: 5:00

DaveTesta

  • Race: Protoss Protoss
  • League: Gold
  • Spawn Location: 3:00

Subwaymaker

  • Race: Protoss Protoss
  • League: Gold
  • Spawn Location: 9:00

Mesrob

  • Race: Terran Terran
  • League: Platinum
  • Spawn Location: 11:00

VOD

Have the link to the VOD?

Description

Time

  • Played on: March 15, 2019, 9 p.m.
  • Length: 10:26
Show
View Real Time Build Order
Export as new Build Order

Dave Protoss 

Build Orders:  

Get SALT Encoding   

  12  0:02  Probe  
  13  0:17  Pylon  
  13  0:20  Probe  
  14  0:33  Probe  
  15  0:39  Gateway  
  15  0:47  Probe  
  15  0:55  Probe  
  17  1:13  Probe  
  18  1:21  Probe  
  19  1:29  Cybernetics Core  
  19  1:32  Probe  
  19  1:35  Assimilator  
  19  1:39  Assimilator  
  20  1:41  Zealot  
  20  1:44  Probe  
  23  1:50  Pylon  
  23  2:05  Gateway  
  23  2:08  Probe  
  24  2:16  Probe  
  24  2:22  Warp Gate  
  24  2:24  Probe  
  24  2:25  Zealot  
  27  2:30  Pylon  
  27  2:34  Probe  
  28  2:46  Probe  
  29  2:55  Twilight Council  
  29  2:58  Probe  
  29  3:00  Zealot  
  32  3:22  Charge, Nexus  
  32  3:32  Probe  
  33  3:44  Probe  
  34  3:48  Robotics Facility  
  34  4:06  Probe  
  35  4:12  Gateway  
  35  4:14  Gateway  
  35  4:15  Probe  
  36  4:27  Stalker  
  38  4:38  Pylon  
  38  4:41  Pylon, Observer  
  38  4:43  Probe  
  40  4:46  Pylon  
  40  4:53  Probe  
  40  4:55  Probe  
  42  5:02  Warp Prism  
  42  5:05  Probe  
  45  5:12  Stalker  
  45  5:13  Stalker  
  49  5:16  Sentry  
  51  5:23  Probe  
  51  5:24  Blink  
  52  5:35  Probe  
  53  5:39  Immortal  
  57  5:49  Stalker x2, Probe  
  61  5:51  Probe  
  63  6:08  Stalker x2  
  63  6:10  Probe  
  68  6:33  Zealot x3  
  68  6:34  Zealot  
  76  6:55  Zealot  
  76  6:57  Zealot  
  70  7:34  Stalker x2  
  70  7:35  Stalker x2  
  78  7:43  Pylon  
  78  7:45  Pylon  
  78  7:48  Pylon  
  78  7:50  Pylon  
  78  7:51  Pylon  
  78  7:53  Pylon, Gateway  
  78  7:57  Gateway  
  78  8:06  Pylon  
  78  8:07  Shield Battery  
  78  8:08  Pylon  
  78  8:30  Stalker x3  
  78  8:31  Stalker  
  86  9:00  Stalker x5  
  80  9:35  Stalker  
  80  9:36  Stalker x5  
  92  10:00  Pylon  
  92  10:01  Pylon x2  
Show
View Real Time Build Order
Export as new Build Order

DaveTesta Protoss 

Build Orders:  

Get SALT Encoding   

  1  0:00  Probe  
  13  0:07  Probe  
  14  0:15  Probe  
  15  0:25  Pylon  
  15  0:43  Probe  
  16  0:54  Gateway  
  16  0:56  Gateway  
  16  0:59  Probe  
  17  1:04  Assimilator  
  17  1:11  Probe  
  17  1:16  Pylon  
  18  1:23  Probe  
  19  1:35  Probe  
  20  1:42  Cybernetics Core  
  20  1:44  Gateway  
  20  1:48  Assimilator, Probe  
  21  2:03  Warp Gate  
  21  2:05  Gateway  
  21  2:11  Probe  
  22  2:20  Stalker  
  24  2:23  Probe  
  25  2:36  Stalker, Probe  
  28  2:39  Adept  
  30  2:53  Pylon  
  30  3:05  Pylon  
  30  3:11  Stalker  
  32  3:22  Pylon  
  32  3:23  Probe  
  33  3:35  Probe  
  34  3:42  Gateway  
  34  3:46  Pylon  
  34  4:00  Stalker  
  34  4:01  Stalker, Adept  
  34  4:02  Zealot  
  40  4:26  Stalker x3  
  30  5:09  Stalker, Adept  
  30  5:10  Stalker  
  34  5:15  Nexus  
  34  5:32  Probe  
  35  5:36  Twilight Council  
  35  5:39  Pylon  
  35  5:40  Stalker  
  37  6:03  Probe  
  38  6:11  Stalker  
  38  6:12  Stalker  
  38  6:13  Pylon, Zealot  
  44  6:32  Pylon  
  40  6:59  Stalker x2  
  42  7:05  Dark Shrine  
  42  7:07  Probe  
  40  7:09  Pylon  
  40  7:10  Forge  
  40  7:13  Shield Battery  
  40  7:15  Assimilator, Probe  
  41  7:16  Pylon  
  42  7:37  Protoss Ground Weapons Level 1  
  42  7:42  Stalker  
  44  7:44  Stalker  
  44  7:47  Gateway  
  46  7:57  Stalker, Zealot  
  47  8:22  Dark Templar  
  47  8:25  Dark Templar  
  47  8:26  Dark Templar x2  
  49  8:36  Dark Templar  
  43  9:22  Dark Templar  
  43  9:24  Stalker, Zealot x3  
  47  9:25  Zealot  
  55  10:04  Dark Templar x2  
  55  10:05  Zealot  
  55  10:06  Zealot  
  63  10:10  Nexus  
Show
View Real Time Build Order
Export as new Build Order

Subwaymaker Protoss 

Build Orders:  

Get SALT Encoding   

  12  0:01  Probe  
  13  0:17  Probe  
  14  0:22  Pylon  
  14  0:31  Probe  
  15  0:43  Probe  
  15  0:48  Gateway  
  16  0:53  Gateway  
  16  0:57  Probe  
  17  1:05  Probe  
  18  1:13  Probe  
  19  1:21  Assimilator, Probe  
  20  1:28  Pylon  
  20  1:31  Probe  
  20  1:38  Cybernetics Core  
  21  1:43  Probe  
  22  1:48  Assimilator  
  22  2:01  Probe  
  23  2:13  Probe  
  24  2:16  Adept  
  24  2:20  Adept  
  28  2:40  Warp Gate  
  28  2:41  Probe, Nexus  
  28  2:43  Pylon  
  29  2:49  Probe  
  29  2:57  Probe  
  30  3:04  Adept  
  30  3:05  Adept  
  35  3:14  Probe  
  35  3:17  Twilight Council  
  36  3:22  Probe  
  37  3:30  Probe  
  38  3:50  Probe  
  38  3:52  Adept x2  
  43  3:56  Pylon  
  43  3:58  Assimilator, Probe  
  43  4:02  Resonating Glaives  
  44  4:06  Probe  
  39  4:32  Zealot  
  39  4:33  Zealot  
  33  4:53  Zealot x2  
  37  5:10  Probe  
  37  5:11  Probe  
  37  5:12  Pylon  
  38  5:19  Probe x2  
  39  5:26  Stargate  
  39  5:28  Probe x2, Stargate  
  41  5:32  Pylon  
  43  5:37  Pylon, Shield Battery  
  43  5:39  Stalker  
  43  5:40  Sentry  
  47  5:43  Forge  
  47  5:44  Probe  
  47  5:46  Forge, Probe  
  47  5:49  Assimilator  
  49  5:52  Probe  
  50  5:58  Probe  
  50  6:00  Probe  
  51  6:10  Probe  
  53  6:12  Void Ray  
  53  6:13  Charge  
  53  6:14  Void Ray  
  53  6:15  Fleet Beacon  
  57  6:22  Probe  
  62  6:29  Protoss Air Weapons Level 1  
  32  7:10  Probe x2  
  35  7:22  Probe  
  35  7:23  Probe  
  36  7:30  Pylon  
  36  7:31  Probe  
  36  7:32  Probe  
  38  7:39  Probe  
  38  7:40  Probe  
  40  7:49  Probe x2  
  40  7:55  Shield Battery  
  40  7:56  Shield Battery  
  40  7:57  Void Ray, Photon Cannon  
  42  7:59  Shield Battery  
  42  8:00  Tempest, Photon Cannon  
  42  8:01  Probe x2  
  42  8:02  Photon Cannon  
  53  8:13  Probe x2  
  55  8:30  Zealot x2  
  55  8:31  Robotics Facility  
  59  8:36  Tempest  
  59  8:37  Void Ray  
  52  9:35  Void Ray, Tempest  
  52  9:43  Zealot x2  
  65  10:05  Zealot x2  
Show
View Real Time Build Order
Export as new Build Order

Mesrob Terran 

Build Orders: Mech 

Get SALT Encoding   

  12  0:00  SCV  
  13  0:12  SCV  
  14  0:18  Supply Depot  
  14  0:25  SCV  
  15  0:40  SCV  
  15  0:41  Barracks  
  16  0:47  Refinery  
  16  0:52  SCV  
  17  1:04  SCV  
  18  1:16  SCV  
  19  1:28  SCV  
  20  1:37  Marine  
  20  1:39  Command Center  
  22  1:48  Orbital Command  
  21  1:54  Marine  
  22  2:09  Supply Depot  
  22  2:14  Factory  
  22  2:23  Barracks Tech Lab  
  22  2:25  Refinery  
  22  2:29  SCV  
  23  2:34  Supply Depot  
  23  2:41  SCV  
  24  3:04  SCV  
  26  3:07  Command Center  
  26  3:08  Orbital Command  
  25  3:16  Siege Tank  
  28  3:25  SCV  
  29  3:36  Marine  
  29  3:37  SCV  
  31  3:42  SCV  
  31  3:47  Refinery  
  32  3:49  SCV  
  32  3:52  Siege Tank  
  32  3:54  SCV  
  37  3:58  Marine  
  37  4:01  SCV  
  39  4:06  SCV  
  40  4:12  Refinery  
  40  4:14  SCV  
  41  4:18  SCV  
  41  4:21  Refinery  
  41  4:23  Marine  
  43  4:24  Siege Tank  
  43  4:26  SCV  
  43  4:30  SCV  
  48  4:57  Siege Tank  
  51  5:18  Factory  
  51  5:20  Orbital Command  
  51  5:22  SCV x2  
  53  5:29  Siege Tank  
  53  5:34  SCV x2  
  58  5:36  Refinery  
  58  5:41  Engineering Bay  
  58  5:46  SCV x2, Armory  
  60  5:52  Marine  
  61  6:17  Factory  
  61  6:19  Factory Reactor  
  61  6:20  Factory, Siege Tank  
  61  6:22  SCV  
  61  6:23  SCV x2  
  67  6:34  SCV  
  67  6:35  SCV  
  67  6:38  SCV  
  67  6:46  SCV  
  66  6:47  SCV  
  66  6:50  SCV  
  64  6:58  SCV  
  64  6:59  SCV  
  65  7:02  SCV  
  66  7:10  SCV  
  66  7:11  SCV  
  66  7:14  SCV  
  69  7:20  Supply Depot  
  69  7:27  Supply Depot  
  69  7:29  Supply Depot  
  69  7:30  Supply Depot  
  69  7:32  Factory Tech Lab, Factory Reactor  
  69  7:36  Supply Depot  
  69  7:37  Supply Depot  
  69  7:41  SCV x2, Thor  
  77  7:45  Supply Depot  
  77  7:49  Hellbat x2, SCV  
  82  7:53  SCV x2  
  82  7:57  Supply Depot x2  
  84  8:01  SCV  
  84  8:05  Supply Depot, SCV x2  
  85  8:08  Supply Depot  
  87  8:13  SCV  
  87  8:17  SCV x2  
  90  8:24  Thor  
  90  8:25  SCV  
  86  8:30  SCV x2  
  86  8:33  Supply Depot  
  86  8:34  Thor  
  87  8:35  Hellbat x2  
  87  8:37  SCV  
  92  8:44  Factory x2  
  82  9:07  Thor  
  54  9:24  Thor  
  55  9:37  Hellbat x4  
Tags
 
Add a new tag
Caveats
  • Supply blocks, unpowered buildings, or Contaminate may cause inaccurate times.
  • Supply counts are checked every 10 seconds.